 Dungeon Crawl Stone Soup version 0.27-a0-562-g0d39f094a4 (webtiles) character file.

Game seed: 7165999557394852180

4312 porpoise the Basher (level 10, 0/86 HPs)
             Began as a Minotaur Delver on Mar 9, 2021.
             Was a Believer of the Shining One.
             Slain by a bone dragon (16 damage)
             ... on level 8 of the Dungeon.
             The game lasted 00:27:08 (6877 turns).

porpoise the Basher (Minotaur Delver)               Turns: 6877, Time: 00:27:09

Health: 0/86       AC: 28    Str: 26    XL:     10   Next: 11%
Magic:  11/11      EV: 12    Int:  7    God:    the Shining One [**....]
Gold:   322        SH:  0    Dex: 12    Spells: 9/9 levels left

rFire    + . .     SeeInvis .   a - +1 dire flail (protect)
rCold    . . .     Faith    .   (shield currently unavailable)
rNeg     + . .     Spirit   .   E - +4 scale mail {rF+}
rPois    .         Reflect  .   (helmet restricted)
rElec    .         Harm     .   v - +1 cloak
rCorr    .         Rampage  .   J - +1 pair of gloves
Will     .....                  w - +0 pair of boots
Stlth    +.........             q - amulet of regeneration
HPRegen  0.00/turn              j - +6 ring of strength
MPRegen  0.12/turn              k - +4 ring of protection

@: mighty, about to teleport, protection aura, non-regenerating, mildly
diseased, glowing
A: horns 2, retaliatory headbutt
a: Renounce Religion, Divine Shield


You were on level 8 of the Dungeon.
You worshipped the Shining One.
The Shining One was pleased with you.
You visited 1 branch of the dungeon, and saw 8 of its levels.
You visited the Abyss 1 time.

You collected 338 gold pieces.
You spent 16 gold pieces at shops.

Inventory:

Hand Weapons
 a - a +1 dire flail of protection (weapon)
 b - a +0 hunting sling
 u - a +0 flail
 C - a +4 quarterstaff
Missiles
 l - 5 boomerangs (quivered)
 o - 242 stones
 p - 38 bolts
 s - 24 sling bullets
 x - 24 poisoned darts
Armour
 v - a +1 cloak (worn)
 w - a +0 pair of boots (worn)
 E - a +4 scale mail of fire resistance (worn)
 J - a +1 pair of gloves (worn)
 O - a +0 buckler
 R - the +0 scale mail of the Salamander {rPois Stlth+}
   (You found it on level 7 of the Dungeon)

   It protects you from poison.
   It makes you more stealthy.
Jewellery
 j - a +6 ring of strength (left hand)
 k - a +4 ring of protection (right hand)
 m - a ring of fire
 q - an amulet of regeneration (around neck)
 t - a ring of protection from cold
 y - a ring of positive energy
Wands
 g - a wand of digging (3)
 h - a wand of acid (7)
 D - a wand of random effects (19)
 L - a wand of polymorph (5)
 M - a wand of mindburst (7)
Scrolls
 c - 2 scrolls of fog
 d - 2 scrolls of magic mapping
 e - a scroll of fear
 r - a scroll of immolation {unknown}
 B - a scroll of amnesia {unknown}
 K - a scroll of enchant armour
 N - 2 scrolls of random uselessness {unknown}
 S - a scroll of blinking {unknown}
Potions
 f - a potion of haste
 i - a potion of mutation
 n - a potion of heal wounds
 z - 3 potions of curing
 A - a potion of flight
 G - a potion of resistance {unknown}
 H - 2 potions of might
 I - 4 potions of lignification {unknown}
 P - a potion of magic {unknown}
 Q - 2 potions of invisibility {unknown}
 T - a potion of cancellation {unknown}
 U - a potion of ambrosia {unknown}


   Skills:
 - Level 7.0 Fighting
 + Level 12.4 Maces & Flails
 - Level 7.0 Armour
 + Level 5.5 Dodging
 - Level 4.1 Stealth
 - Level 3.0 Invocations
 - Level 3.0 Evocations


You had 9 spell levels left.
You didn't know any spells.
Your spell library contained the following spells:

 Spells                   Type           Power      Damage    Failure   Level
 Corona                   Hex            0%         N/A       69%         1
 Slow                     Hex            0%         N/A       83%         2
 Inner Flame              Hex/Fire       0%         N/A       96%         3
 Portal Projectile        Hex/Tloc       0%         N/A       96%         3
 Cause Fear               Hex            0%         N/A       100%        4
 Leda's Liquefaction      Hex/Erth       0%         N/A       100%        4


Dungeon Overview and Level Annotations

Branches:
Dungeon (8/15)             Temple (0/1) D:7
   Lair: D:8-11

Altars:
Fedhas
Makhleb
Ru
Sif Muna
Vehumet
Xom
The Shining One

Shops:
D:5 (

Annotations:
D:8 Psyche


Innate Abilities, Weirdness & Mutations

You have a pair of horns on your head.
You reflexively headbutt those who attack you in melee.


Message History

The bone dragon tramples you!
You stumble backwards!
You hit the bone dragon.
The bone dragon is lightly damaged.
The bone dragon bites you but does no damage.
The bone dragon claws you but does no damage.
The bone dragon tramples you.
You stumble backwards!
You hit the bone dragon. You headbutt the bone dragon!!
The bone dragon is moderately damaged.
You hit the bone dragon.
The bone dragon is moderately damaged.
The bone dragon completely misses you.
The bone dragon claws you but does no damage.
The bone dragon tramples you but does no damage.
The bone dragon bites you but does no damage.
The bone dragon claws you but does no damage.
The bone dragon tramples you but does no damage.
There is a gateway leading out of the Abyss here.
The bone dragon bites you! The bone dragon barely misses you.
The bone dragon closely misses you.
You pass through the gate.
Welcome back to the Dungeon!
Level annotation: Psyche A wight comes into view.
It is wielding a +3 falchion.
Psyche laughs secretively.
There is a stone staircase leading up here.
You impale Psyche!!
Your weapon exudes an aura of protection.
Your headbutt misses Psyche.
Psyche is heavily wounded.
The bone dragon bites you!!
* * * LOW HITPOINT WARNING * * *
The bone dragon claws you.
* * * LOW HITPOINT WARNING * * *
The bone dragon tramples you but does no damage.
As you read the scroll of teleportation, it crumbles to dust.
You feel strangely unstable. Psyche hits you but does no damage.
The wight closely misses you.
Psyche laughs secretively.
Psyche hits you but does no damage. The bone dragon bites you!
You die...

# #. ..
##.######### ...
.....#.....###.#
...............#
.......D.....####
.......@@.......#
.......z.....##
.......[[.!..####.
...<..............
.......(....>###..
............#...
........$...#.....
.......((.........
................[.


You could see a bone dragon, Psyche and a wight.

Vanquished Creatures
  2 thrashing horrors (Abyss:2)
  A large abomination (Abyss:2)
  An ancient zyme (Abyss:2)
  Eustachio (D:5)
  Edmund (D:4)
  Duvessa (D:4)
  An orc warrior (D:6)
  A sky beast (D:5)
  An ice beast (D:5)
  A centaur (D:5)
  2 ogres
  A phantom (D:4)
  A kobold brigand (D:7)
  A bullfrog (D:7)
  Dowan (D:4)
  A scorpion (D:7)
  3 killer bees (D:7)
  7 wights
  A howler monkey (D:5)
  A crimson imp (D:4)
  A quasit (Abyss:2)
  2 hounds
  3 orc priests
  A bullfrog zombie (D:5)
  An iguana (D:5)
  An orc wizard (D:5)
  2 worker ants
  A hound skeleton (D:5)
  A worker ant zombie (D:7)
  14 adders
  3 shadow imps
  A white imp (D:3)
  An ufetubus (D:5)
  3 oozes
  2 worms
  An adder skeleton (D:4)
  2 dart slugs
  7 leopard geckos
  16 orcs
  10 bats
  7 giant cockroaches
  6 goblins
  9 hobgoblins
  7 jackals
  2 quokkas
  5 ball pythons
  8 frilled lizards
  3 kobolds
  6 rats
156 creatures vanquished.

Vanquished Creatures (others)
  A leopard gecko (D:8)
1 creature vanquished.

Grand Total: 157 creatures vanquished

Notes
Turn   | Place    | Note
-------+----------+-------------------------------------------
     0 | D:5      | porpoise the Minotaur Delver began the quest for the Orb.
     0 | D:5      | Reached XP level 1. HP: 19/19 MP: 0/0
     5 | D:5      | Noticed an orc priest
    22 | D:5      | Killed an orc priest
    23 | D:5      | Reached skill level 3 in Maces & Flails
    23 | D:5      | Reached XP level 2. HP: 9/28 MP: 1/1
    23 | D:5      | Reached XP level 3. HP: 11/34 MP: 2/2
   375 | D:4      | Reached skill level 4 in Maces & Flails
   505 | D:3      | Reached XP level 4. HP: 39/41 MP: 3/3
   572 | D:3      | Reached skill level 5 in Fighting
  2070 | D:2      | Reached XP level 5. HP: 48/48 MP: 4/4
  2082 | D:2      | Found a blossoming altar of Fedhas.
  2096 | D:2      | Found a glowing golden altar of the Shining One.
  2104 | D:2      | Reached skill level 5 in Maces & Flails
  2123 | D:2      | Became a worshipper of the Shining One
  2284 | D:2      | Found a sacrificial altar of Ru.
  2922 | D:3      | Noticed an ogre
  2929 | D:3      | Killed an ogre
  2930 | D:3      | Reached skill level 1 in Invocations
  2930 | D:3      | Reached XP level 6. HP: 33/57 MP: 4/6
  3477 | D:4      | Noticed Duvessa
  3498 | D:4      | Noticed Dowan
  3505 | D:4      | Killed Duvessa
  3511 | D:4      | Killed Dowan
  3512 | D:4      | Reached skill level 6 in Maces & Flails
  3516 | D:4      | Reached XP level 7. HP: 61/64 MP: 6/8
  3692 | D:4      | Noticed Edmund
  3706 | D:4      | Killed Edmund
  3757 | D:4      | Found a shimmering altar of Xom.
  3757 | D:4      | Found a burning altar of Makhleb.
  3956 | D:4      | Reached skill level 7 in Maces & Flails
  3966 | D:4      | Found a shimmering blue altar of Sif Muna.
  4192 | D:4      | Reached skill level 1 in Armour
  4192 | D:4      | Reached skill level 1 in Evocations
  4299 | D:5      | Reached * piety under the Shining One
  4355 | D:5      | Found Moyk's Weapon Shoppe.
  4368 | D:5      | Reached XP level 8. HP: 73/73 MP: 9/9
  4423 | D:5      | Bought a +0 hunting sling for 16 gold pieces
  4654 | D:5      | Reached skill level 8 in Maces & Flails
  4826 | D:5      | Noticed Eustachio
  4873 | D:5      | Killed Eustachio
  5255 | D:6      | Reached skill level 5 in Armour
  5442 | D:6      | Reached skill level 9 in Maces & Flails
  5551 | D:6      | Found a radiant altar of Vehumet.
  5561 | D:6      | Reached ** piety under the Shining One
  5930 | D:7      | Found a staircase to the Ecumenical Temple.
  5975 | D:7      | Identified the +0 scale mail of the Salamander {rPois
                  | Stlth+}
  6216 | D:7      | Reached XP level 9. HP: 70/79 MP: 10/10
  6712 | D:8      | Reached skill level 10 in Maces & Flails
  6722 | D:8      | Noticed Psyche
  6728 | D:8      | Cast into level 2 of the Abyss (Psyche)
  6772 | Abyss:2  | Found a radiant altar of Vehumet.
  6778 | Abyss:2  | Noticed a large abomination
  6779 | Abyss:2  | Found a radiant altar of Vehumet.
  6791 | Abyss:2  | Killed a large abomination
  6792 | Abyss:2  | Reached skill level 11 in Maces & Flails
  6800 | Abyss:2  | Noticed a thrashing horror
  6800 | Abyss:2  | Noticed a thrashing horror
  6817 | Abyss:2  | Killed a thrashing horror
  6818 | Abyss:2  | Reached skill level 12 in Maces & Flails
  6820 | Abyss:2  | Killed a thrashing horror
  6821 | Abyss:2  | Reached skill level 5 in Dodging
  6821 | Abyss:2  | Reached XP level 10. HP: 48/86 MP: 11/11
  6856 | Abyss:2  | Noticed a bone dragon
  6867 | Abyss:2  | Found a radiant altar of Vehumet.
  6875 | D:8      | Escaped the Abyss
  6877 | D:8      | Slain by a bone dragon

Illustrated notes

Levels and vault maps discovered:
D:1:      nzn_arrival_crosshair, layout_loops_corners
D:2:      layout_loops_ring, grunt_temple_overflow_open, nicolae_ru_awakened_eye
D:3:      layout_loops_ring
D:4:      layout_cave_pods, grunt_temple_overflow_champion_of_chaos,
          led_sif_pool, uniq_edmund, uniq_duvessa
D:5:      layout_loops_cross, serial_shops, shop, uniq_eustachio
D:6:      layout_rooms, overflow_temple_1_default, kennysheep_small_circle
D:7:      layout_gridville, minmay_temple_entry_drinking_statues
D:8:      layout_rooms, gammafunk_temple_overflow_forgotten,
          nrook_pool_corridor, uniq_psyche, uniq_erica

Skill      XL: |  1  2  3  4  5  6  7  8  9 |
---------------+----------------------------+-----
Fighting       | 4 5 6 7 |  7.0
Maces & Flails | 3 4 5 6 7 9 12 | 12.4
Invocations    | 1 2 3 |  3.0
Armour         | 3 6 7 |  7.0
Evocations     | 2 3 |  3.0
Dodging        | 5 |  5.5
Stealth        | |  4.1

Action                   |  1- 3 |  4- 6 |  7- 9 | 10-12 || total
-------------------------+-------+-------+-------+-------++-------
Melee: Mace              |    30 |   101 |       |       ||   131
       Headbutt          |     7 |    19 |    43 |     1 ||    70
       Flail             |       |    39 |    15 |       ||    54
       Quarterstaff      |       |    11 |       |       ||    11
       Dire flail        |       |       |   181 |    14 ||   195
       Unarmed           |       |       |     1 |       ||     1
 Fire: Hunting sling     |       |       |    58 |       ||    58
Throw: Boomerang         |       |     5 |    13 |       ||    18
       Dart              |       |       |     9 |       ||     9
  Use: Scroll            |       |     3 |     6 |     1 ||    10
       Potion            |       |       |       |     1 ||     1
 Stab: Sleeping          |       |     8 |       |       ||     8
Armor: Leather armour    |     4 |    18 |       |       ||    22
       Chain mail        |       |    29 |       |       ||    29
       Scale mail        |       |       |   114 |    24 ||   138
Dodge: Dodged            |    15 |    73 |    96 |     8 ||   192

Table legend: (Time is in decaauts)
 A = Elapsed time spent in this place.
 B = Non-inter-level travel time spent in this place.
 C = Inter-level travel time spent in this place.
 D = Time resting spent in this place.
 E = Time spent auto-exploring this place.
 F = Levels seen in this place.
 G = Mean time per level.
                   A        B        C        D        E       F      G
               +--------+--------+--------+--------+--------+-----+--------+
         Total |   6859 |   6579 |    280 |   1142 |   3510 |   9 |  762.1 |
       Dungeon |   6722 |   6442 |    280 |   1102 |   3510 |   8 |  840.2 |
         Abyss |    136 |    136 |      0 |     40 |      0 |   1 |  136.0 |
               +--------+--------+--------+--------+--------+-----+--------+

Top non-repeatable levels by time:
     D:5: 1264 daAuts
     D:3: 1122 daAuts
     D:4: 1036 daAuts
     D:2: 923 daAuts
     D:1: 852 daAuts
     D:7: 786 daAuts
     D:6: 706 daAuts
 Abyss:2: 136 daAuts
     D:8: 30 daAuts
